 Dungeon Crawl Stone Soup version 0.30-a0-55-g90e3122c3a (webtiles) character file.

Game seed: 11402163595538433064

7712 porpoise the Grappler (level 11, -4/111 HPs)
             Began as a Troll Artificer on Sept 9, 2022.
             Was an Initiate of Yredelemnul.
             Slain by a cyclops (32 damage)
             ... on level 10 of the Dungeon on Sept 10, 2022.
             The game lasted 00:36:58 (9634 turns).

porpoise the Grappler (Troll Artificer)             Turns: 9634, Time: 00:37:11

Health: -4/111     AC:  1    Str: 22    XL:     11   Next: 0%
Magic:  15/15      EV: 10    Int:  7    God:    Yredelemnul [......]
Gold:   525        SH:  5    Dex: 14    Spells: 5/10 levels left

rFire   . . .      SeeInvis .      - Unarmed
rCold   + . .      Faith    .    (no shield)
rNeg    . . .      Spirit   .    C - +1 robe
rPois   +          Reflect  +    (helmet restricted)
rElec   .          Harm     .    f - scarf {repulsion}
rCorr   .          Rampage  .    (gloves unavailable)
Will    .....                    (boots unavailable)
Stlth   ++........               A - amulet of reflection
HPRegen 1.08/turn                h - ring of protection from cold
MPRegen 0.14/turn                K - ring of poison resistance

@: mighty, corroded, repel missiles
A: large, unfitting armour, claws 3, regeneration 1, shaggy fur 1, tough skin 1
a: Renounce Religion, Recall Undead Harvest


You were on level 10 of the Dungeon.
You worshipped Yredelemnul.
Yredelemnul was noncommittal.
You visited 1 branch of the dungeon, and saw 10 of its levels.

You collected 525 gold pieces.

Inventory:

Hand Weapons
 b - a +1 lajatang of venom
 w - a +0 sling
 S - the +9 rapier of Blood {vorpal, rCorr}
   (You found it on level 7 of the Dungeon)

   It inflicts extra damage upon your enemies.
   rCorr:     It protects you from acid and corrosion.
Missiles
 x - 6 atropa-tipped darts
 J - 5 poisoned darts
 L - 2 silver boomerangs
 M - a curare-tipped dart
 O - a throwing net
 Q - 5 boomerangs
Armour
 f - a scarf of repulsion (worn)
 z - a +1 cloak of preservation
 C - a +1 robe (worn)
 E - an orb of guile
Magical Staves
 B - a staff of death
Jewellery
 h - a ring of protection from cold (left claw)
 i - a ring of fire
 A - an amulet of reflection (around neck)
 K - a ring of poison resistance (right claw)
Wands
 c - a wand of flame (61) (quivered)
 d - a wand of charming (7)
 e - a wand of digging (8)
 N - a wand of paralysis (18)
 R - a wand of polymorph (4)
Scrolls
 g - 2 scrolls of enchant weapon
 j - 3 scrolls of teleportation
 k - 2 scrolls of noise
 l - 3 scrolls of fear
 o - a scroll of brand weapon
 p - a scroll of blinking
 q - a scroll of immolation
 r - a scroll of vulnerability
 u - a scroll of poison {unknown}
 y - 2 scrolls of magic mapping
 D - a scroll of identify
 F - 3 scrolls of enchant armour
 H - a scroll of silence
 T - a scroll of fog {unknown}
Potions
 a - 6 potions of curing
 m - a potion of magic
 n - 2 potions of attraction
 s - 2 potions of cancellation
 t - 3 potions of heal wounds
 v - a potion of haste
 G - a potion of lignification
 I - 2 potions of brilliance
 P - 3 potions of mutation


   Skills:
 + Level 8.0 Fighting
 - Level 1.9 Dodging
 - Level 1.8 Stealth
 + Level 11.3 Unarmed Combat
 - Level 7.0 Invocations
 - Level 2.1 Evocations


You had 5 spell levels left.
You knew the following spells:

 Your Spells              Type           Power      Damage    Failure   Level
a - Beastly Appendage     Tmut           0%         N/A       43%         1
k - Blink                 Tloc           0%         N/A       56%         2
w - Wereblood             Tmut           0%         N/A       56%         2

Your spell library contained the following spells:

 Spells                   Type           Power      Damage    Failure   Level
 Sandblast                Erth           0%         2d4       43%         1
 Slow                     Hex            0%         N/A       43%         1
 Sting                    Tmut/Pois      0%         1d3       43%         1
 Passwall                 Tmut/Erth      0%         N/A       56%         2
 Poisonous Vapours        Pois/Air       0%         N/A       56%         2
 Confusing Touch          Hex            0%         N/A       80%         3
 Lesser Beckoning         Tloc           0%         N/A       80%         3
 Spider Form              Tmut/Pois      0%         N/A       80%         3
 Stone Arrow              Conj/Erth      0%         3d7       80%         3
 Vampiric Draining        Necr           0%         2d6       80%         3
 Olgreb's Toxic Radiance  Pois           0%         N/A       99%         4
 Alistair's Intoxication  Tmut/Pois      0%         N/A       100%        5
 Borgnjor's Vile Clutch   Necr/Erth      0%         N/A       100%        5
 Manifold Assault         Tloc           0%         N/A       100%        5
 Eringya's Noxious Bog    Tmut/Pois      0%         N/A       100%        6


Dungeon Overview and Level Annotations

Branches:
Dungeon (10/15)            Temple (0/1) D:6            Lair (0/5) D:8
    Orc (0/2) D:9

Altars:
Fedhas
Kikubaaqudgha
Okawaru
Qazlal
Ru
Vehumet
Yredelemnul
The Shining One

Annotations:
D:1 Terence


Innate Abilities, Weirdness & Mutations

You are too large for most types of armour.
You have claws for hands.
Your natural rate of healing is unusually fast.
You are covered in fur. (AC +1)
You have tough skin. (AC +1)


Message History

The cyclops throws a large rock.
The large rock hits you!!
You claw the vampire!
The vampire is moderately damaged.
You scratch the vampire.
The vampire is heavily damaged.
The vampire hits you! The vampire closely misses you.
You scratch the vampire but do no damage.
The vampire is heavily damaged.
The vampire closely misses you. You block the vampire's attack.
You claw the vampire! You claw the vampire, but do no damage.
The vampire is almost destroyed.
Your acid dragon zombie bites the vampire.
The vampire is destroyed!
The acid dragon bites you but does no damage.
The acid dragon claws you.
You have reached level 11!
Found a scroll of magic mapping.
You block the acid dragon's attack. The acid dragon claws you.
Your acid dragon zombie bites the acid dragon.
Your acid dragon zombie claws the acid dragon.
The cyclops hits you!!
You mangle the cyclops!!
The cyclops is heavily wounded.
The acid dragon closely misses you. The acid dragon misses you.
You feel very mighty all of a sudden.
Your acid dragon zombie bites the acid dragon but does no damage.
Your acid dragon zombie claws the acid dragon but does no damage.
You block the cyclops's attack. The acid dragon bites you.
The acid dragon barely misses you.
You completely miss the cyclops.
The cyclops is heavily wounded.
Your acid dragon zombie barely misses the acid dragon. x2
You claw the cyclops!
The cyclops is severely wounded.
The acid dragon spits acid at you. The splash of acid hits you!!
* * * LOW HITPOINT WARNING * * *
The acid corrodes you! The cyclops hits you!!
You die...
Your body rises from the dead as a mindless zombie.

#...# ...# .... . .
..# ..# ?.. ..# ..#
.....#######.###.###
......C@............
.......DZ...........
............).......
....................
....#######.........
.... ....#.........
... ...#......... ..
#..#.........
#..#.........


You could see a cyclops, an acid dragon (ally target) and a friendly acid dragon
zombie.

Vanquished Creatures
  Pikel (D:4)
  Psyche (D:8)
  A hornet (D:7)
  Grinder (D:2)
  A vampire (D:10)
  2 wyverns (D:8)
  A yak (D:5)
  A steam dragon (D:9)
  2 wargs (D:9)
  An acid dragon (D:10)
  8 water moccasins
  An orc warrior (D:8)
  2 black bears
  A centaur (D:9)
  2 ogres
  2 wolves (D:8)
  4 lemures (D:4)
  2 phantoms
  2 kobold brigands (D:6)
  2 bullfrogs (D:8)
  A necrophage (D:5)
  A gnoll sergeant (D:4)
  2 scorpions
  A wight (D:8)
  4 killer bees (D:9)
  3 howler monkeys
  A gnoll bouda (D:7)
  4 hounds
  2 jellies
  8 orc priests
  Crazy Yiuf (D:4)
  6 iguanas
  Natasha (D:2)
  4 orc wizards
  11 adders
  15 gnolls
  2 shadow imps
  2 white imps
  A worm (D:2)
  2 dart slugs (D:4)
  26 orcs
  4 bats
  6 endoplasms
  5 giant cockroaches
  9 goblins
  9 hobgoblins
  A jackal (D:5)
  15 kobolds
  8 quokkas
  7 ball pythons
  5 frilled lizards
  4 rats
  A spectral orc (D:5)
210 creatures vanquished.

Vanquished Creatures (collateral kills)
  A hydra (D:8)
  A shadow (D:9)
  A basilisk (D:8)
  A vampire (D:10)
  A wyvern (D:8)
  An acid dragon (D:9)
  A black bear (D:8)
  6 wights (D:8)
  A killer bee (D:9)
  5 gnolls
  An adder (D:4)
  A white imp (D:7)
  3 orcs (D:8)
  A goblin (D:2)
25 creatures vanquished.

Vanquished Creatures (others)
  A bullfrog (D:9)
  2 wyvern zombies (D:8)
  A warg zombie (D:9)
  4 water moccasin zombies (D:8)
  2 black bear zombies (D:8)
  4 killer bee zombies (D:9)
  An endoplasm (D:4)
  A kobold zombie (D:6)
  8 orc zombies
  3 fungi (D:8)
  10 plants (D:8)
37 creatures vanquished.

Grand Total: 272 creatures vanquished

Notes
Turn   | Place    | Note
-------+----------+-------------------------------------------
     0 | D:1      | porpoise the Troll Artificer began the quest for the Orb.
     0 | D:1      | Reached XP level 1. HP: 18/18 MP: 0/0
     2 | D:1      | Noticed an ogre
     4 | D:1      | Noticed a gargoyle
     4 | D:1      | Noticed a minotaur
     7 | D:1      | Noticed a meteoran
     7 | D:1      | Noticed a demonspawn
     9 | D:1      | Noticed a ghoul
     9 | D:1      | Noticed a tengu
    11 | D:1      | Noticed a formicid
    13 | D:1      | Noticed a human
    13 | D:1      | Noticed a draconian
    15 | D:1      | Noticed an elf
    15 | D:1      | Noticed a troll
    17 | D:1      | Noticed a demigod
    19 | D:1      | Noticed a vampire
    19 | D:1      | Noticed an octopode
    21 | D:1      | Noticed a spriggan
    21 | D:1      | Noticed a naga
    23 | D:1      | Noticed a merfolk
    23 | D:1      | Noticed a palentonga
    25 | D:1      | Noticed an octopode
    25 | D:1      | Noticed a vine stalker
    28 | D:1      | Noticed a meteoran
    61 | D:1      | Reached skill level 1 in Fighting
   227 | D:1      | Reached XP level 2. HP: 25/27 MP: 1/1
   438 | D:1      | Reached skill level 1 in Stealth
  1008 | D:2      | Reached XP level 3. HP: 33/35 MP: 2/2
  1280 | D:2      | Noticed Terence
  1497 | D:2      | Noticed Natasha
  1507 | D:2      | Killed Natasha
  1646 | D:2      | Found a faded altar of an unknown god.
  1658 | D:2      | Reached XP level 4. HP: 33/42 MP: 3/3
  2509 | D:3      | Noticed Grinder
  2511 | D:3      | Paralysed by Grinder for 2 turns
  2547 | D:3      | Paralysed by something for 5 turns
  2559 | D:2      | Paralysed by Grinder for 5 turns
  2570 | D:2      | Killed Grinder
  2571 | D:2      | Reached skill level 3 in Unarmed Combat
  2571 | D:2      | Reached XP level 5. HP: 32/53 MP: 4/4
  2571 | D:2      | Reached XP level 6. HP: 37/61 MP: 5/5
  2771 | D:3      | Learned a level 2 spell: Blink
  2774 | D:3      | Learned a level 2 spell: Wereblood
  2992 | D:3      | Found a glowing golden altar of the Shining One.
  3230 | D:4      | Noticed a water moccasin
  3249 | D:4      | Killed a water moccasin
  3250 | D:4      | Reached skill level 4 in Unarmed Combat
  3289 | D:4      | Reached XP level 7. HP: 59/68 MP: 6/6
  3421 | D:4      | Reached skill level 5 in Unarmed Combat
  3614 | D:4      | Found a runed translucent door.
  3615 | D:4      | Noticed Crazy Yiuf
  3624 | D:4      | Killed Crazy Yiuf
  3866 | D:4      | Noticed Pikel
  3880 | D:4      | Killed Pikel
  3881 | D:4      | Reached skill level 5 in Fighting
  3881 | D:4      | Reached skill level 7 in Unarmed Combat
  3881 | D:4      | Reached XP level 8. HP: 66/80 MP: 7/7
  4232 | D:5      | Entered Level 5 of the Dungeon
  4537 | D:5      | Reached skill level 8 in Unarmed Combat
  4539 | D:5      | Learned a level 1 spell: Beastly Appendage
  4710 | D:5      | Reached XP level 9. HP: 70/89 MP: 8/8
  5092 | D:5      | Found a basalt altar of Yredelemnul.
  5104 | D:5      | Became a worshipper of Yredelemnul the Dark
  5310 | D:6      | Reached skill level 9 in Unarmed Combat
  5329 | D:6      | Reached * piety under Yredelemnul
  5463 | D:6      | Found an ancient bone altar of Kikubaaqudgha.
  5582 | D:6      | Reached ** piety under Yredelemnul
  5669 | D:6      | Found a staircase to the Ecumenical Temple.
  5755 | D:6      | Reached *** piety under Yredelemnul
  5915 | D:6      | Found an iron altar of Okawaru.
  6075 | D:7      | Paralysed by a gnoll for 4 turns
  6080 | D:7      | Reached skill level 1 in Invocations
  6177 | D:7      | Paralysed by a hornet for 1 turns
  6435 | D:7      | Found a radiant altar of Vehumet.
  6528 | D:7      | Identified the +9 rapier of Blood {vorpal, rCorr}
  6876 | D:7      | Reached skill level 10 in Unarmed Combat
  7182 | D:8      | Reached XP level 10. HP: 62/102 MP: 10/12
  7194 | D:8      | HP: 5/102 [wyvern (14)]
  7201 | D:8      | Found a staircase to the Lair.
  7234 | D:8      | Reached skill level 5 in Invocations
  7361 | D:8      | Noticed a six-headed hydra
  7374 | D:8      | Killed a six-headed hydra
  7724 | D:8      | Found a blossoming altar of Fedhas.
  8136 | D:8      | Found a sacrificial altar of Ru.
  8208 | D:8      | Noticed Psyche
  8216 | D:8      | Killed Psyche
  8291 | D:9      | Found a stormy altar of Qazlal.
  8320 | D:9      | Found a staircase to the Orcish Mines.
  8335 | D:9      | Reached skill level 11 in Unarmed Combat
  8686 | D:9      | Upgraded the game from 0.30-a0-54-g2e61a25929 to
                  | 0.30-a0-55-g90e3122c3a
  9530 | D:10     | Entered Level 10 of the Dungeon
  9623 | D:10     | Noticed a cyclops
  9630 | D:10     | Reached XP level 11. HP: 80/111 MP: 15/15
  9634 | D:10     | Slain by a cyclops

Illustrated notes

Levels and vault maps discovered:
D:1:      kb_arrival_jail, layout_loops_ring, nicolae_figureground_pulse
D:2:      layout_loops_corners, ebering_ecumenical_altar_box,
          kennysheep_cluttered_room, minmay_close_crescents, uniq_natasha,
          uniq_terence
D:3:      layout_rooms, tso_metal_star, uniq_grinder
D:4:      layout_loops_ring, uniq_crazy_yiuf_cottage, uniq_pikel
D:5:      cheibrodos_barr_body, layout_loops_ring,
          yredelemnul_forgotten_temple_becter, hangedman_abyss_or_decor_stabs
D:6:      layout_loops_ring, nicolae_kikubaaqudgha_miasma_corner,
          lemuel_doored_altar, minmay_temple_entry_nine_rooms,
          hangedman_decor_opposing
D:7:      layout_basic, marbit_many_paths
D:8:      layout_basic, nicolae_ru_sacrificial_ziggurat, kennysheep_little_box,
          minmay_lair_entry_grove, uniq_psyche
D:9:      layout_irregular_city, mainiacjoe_overflow_cross_hatched, erik_orc_4
D:10:     minmay_the_grid_square_5x5_4x4 [minmay_the_grid_square_5x5_one_wall,
          minmay_the_grid_square_5x5_six, minmay_the_grid_square_5x5_three,
          minmay_the_grid_square_5x5_bite, minmay_the_grid_square_5x5_empty,
          minmay_the_grid_square_5x5_prize_itemx,
          minmay_the_grid_square_5x5_prize_monsterx,
          minmay_the_grid_square_5x5_comb, minmay_the_grid_square_5x5_moneybag,
          minmay_the_grid_square_5x5_prize_open,
          minmay_the_grid_square_5x5_prize_waves,
          minmay_the_grid_square_5x5_slash,
          minmay_the_grid_square_5x5_two_walls_a,
          minmay_the_grid_square_5x5_fat_x, minmay_the_grid_square_5x5_shrine1,
          minmay_the_grid_square_5x5_beaten_path], layout_gridville,
          grunt_temple_overflow_champion_of_chaos, serial_shops,
          nicolae_diamond_shop

Skill      XL: |  1  2  3  4  5  6  7  8  9 10 |
---------------+-------------------------------+-----
Fighting       | 1 2 3 5 7 8 |  8.0
Stealth        | 1 |  1.8
Unarmed Combat | 3 4 7 8 10 11 | 11.3
Invocations    | 4 7 |  7.0
Dodging        | |  1.9
Evocations     | |  2.1

Action                   |  1- 3 |  4- 6 |  7- 9 | 10-12 || total
-------------------------+-------+-------+-------+-------++-------
Melee: Unarmed           |    95 |   134 |   309 |   108 ||   646
       Punch             |       |     4 |    18 |     4 ||    26
       Lajatang          |       |       |     3 |       ||     3
Invok: Recall Undead Har |       |       |       |     1 ||     1
       Dark Bargain      |       |       |       |     1 ||     1
Evoke: Wand              |     4 |     8 |     3 |     2 ||    17
  Use: Potion            |     4 |       |       |     2 ||     6
       Scroll            |       |     8 |     4 |    10 ||    22
 Stab: Sleeping          |     2 |     3 |     6 |     1 ||    12
       Distracted        |       |       |     1 |       ||     1
Armor: Robe              |    11 |    46 |    69 |    34 ||   160
Dodge: Dodged            |    47 |    60 |   113 |    83 ||   303
       Repelled          |     1 |       |     2 |     2 ||     5
Block: Other             |       |       |    40 |    40 ||    80
       Reflection        |       |       |     1 |     3 ||     4

Table legend: (Time is in decaauts)
 A = Elapsed time spent in this place.
 B = Non-inter-level travel time spent in this place.
 C = Inter-level travel time spent in this place.
 D = Time resting spent in this place.
 E = Time spent auto-exploring this place.
 F = Levels seen in this place.
 G = Mean time per level.
                   A        B        C        D        E       F      G
               +--------+--------+--------+--------+--------+-----+--------+
         Total |  10245 |   9977 |    268 |   2338 |   5897 |  10 | 1024.5 |
       Dungeon |  10245 |   9977 |    268 |   2338 |   5897 |  10 | 1024.5 |
               +--------+--------+--------+--------+--------+-----+--------+

Top non-repeatable levels by time:
     D:2: 1460 daAuts
     D:9: 1409 daAuts
     D:8: 1405 daAuts
     D:7: 1138 daAuts
     D:1: 1119 daAuts
     D:4: 1113 daAuts
     D:5: 1044 daAuts
     D:6: 908 daAuts
     D:3: 544 daAuts
    D:10: 100 daAuts
